 Dungeon Crawl Stone Soup version 0.16-a0-253-g996e5b4 (webtiles) character file.

127 Qrupt the Ruffian (level 4, 0/35 HPs)
             Began as a Draconian Transmuter on Aug 23, 2014.
             Slain by a slave (6 damage)
             ... led by Pikel
             ... on Level 3 of the Dungeon.
             The game lasted 00:06:00 (3657 turns).

Qrupt the Ruffian (Draconian Transmuter)            Turns: 3657, Time: 00:06:00

HP   0/35        AC  2     Str 14      XL: 4   Next: 85%
MP   2/9         EV 19     Int 13      God:
Gold 183         SH  0     Dex 16      Spells:  2 memorised,  5 levels left

rFire  . . .     SeeInvis .       - Unarmed
rCold  . . .     Clarity  .     (armour unavailable)
rNeg   . . .     rCorr    .     (shield currently unavailable)
rPois  x         rRot     .     (helmet currently unavailable)
rElec  .         Spirit   .     (cloak currently unavailable)
SustAb .         Warding  .     (gloves currently unavailable)
rMut   .         Stasis   .     (boots currently unavailable)
Gourm  .                        (no amulet)
MR     .....                    (no ring)
                                (no ring)

@: spider-form, very slightly contaminated, not resistant to hostile
enchantments, very unstealthy
A: unfitting armour, (cold-blooded), AC +5
a: End Transformation


You were on level 3 of the Dungeon.
You were not hungry.
You were in spider-form.
You visited 1 branch of the dungeon, and saw 4 of its levels.

You collected 183 gold pieces.

Inventory:

Missiles
 b - 34 arrows
 r - 18 arrows of frost
Comestibles
 f - a meat ration
Scrolls
 a - a scroll of teleportation {unknown}
 c - 5 scrolls of identify {unknown}
 e - 3 scrolls of amnesia {unknown}
 g - 2 scrolls of remove curse {unknown}
 h - 2 scrolls of recharging {unknown}
 m - a scroll of fear {unknown}
Jewellery
 l - a +2 ring of intelligence {unknown}
 p - an uncursed ring of see invisible {unknown}
Potions
 j - 4 potions of curing {unknown}
 k - a potion of agility {unknown}
 n - a potion of lignification {unknown}
 q - a potion of restore abilities {unknown}
Books
 d - a book of Changes

   Spells                             Type                      Level
   *Beastly Appendage                 Transmutation                1
   Sticks to Snakes                   Transmutation                2
   *Spider Form                       Transmutation/Poison         3
   Ice Form                           Ice/Transmutation            4
   Blade Hands                        Transmutation                5
 o - a book of Callings

   Spells                             Type                      Level
   Summon Small Mammal                Summoning                    1
   Call Imp                           Summoning                    2
   Call Canine Familiar               Summoning                    3
   Summon Guardian Golem              Hexes/Summoning              4
   Summon Lightning Spire             Summoning/Air                4
   Summon Ice Beast                   Ice/Summoning                4


   Skills:
 - Level 1.1 Fighting
 - Level 1.7 Dodging
 + Level 3.9 Unarmed Combat
 - Level 3.2 Spellcasting
 + Level 3.0 Transmutations
 + Level 1.2 Poison Magic


You had 5 spell levels left.
You knew the following spells:

 Your Spells              Type           Power        Failure   Level  Hunger
a - Beastly Appendage     Trmt           ##....       24%         1    #......
b - Spider Form           Trmt/Pois      #.........   56%         3    ###....


Dungeon Overview and Level Annotations

Branches:
Dungeon (4/15)
 Temple: D:4-7

Altars:

Annotations:
D:4 Pikel


Innate Abilities, Weirdness & Mutations

((Your plain brown scales are hard (AC +5).))
Your body does not fit into most forms of armour.
((Your cold-blooded metabolism reacts poorly to cold.))


Message History

You bite the slave!
The slave is severely wounded.
The slave misses you.
You kill the slave!
That felt strangely unrewarding.
You barely miss the slave. The slave hits you.
You completely miss the slave. The slave hits you!
* * * LOW HITPOINT WARNING * * *
Your transformation has ended.
There is a stone staircase leading up here.
Casting: Spider Form
Confirm with . or Enter, or press ? or * to list all spells.
You miscast Spider Form.
You are very lightly contaminated with residual magic.
You feel a strange surge of energy! The slave hits you but does no damage.
Casting: Spider Form
Confirm with . or Enter, or press ? or * to list all spells.
You turn into a venomous arachnid creature.
The slave hits you.
You die...

.....###.........#.........##.#
.......+.........'.........##.#
#...####.........###..........#
##..# ##.......## #.......####
##.# ##.....## #.......# #.#
##...## ####.#### #.# ##'## #.#
###.##### #.# ###### #.#
#.......# #.# #s...# #.#
#.#.###.####.###p##.# #.#
#.#.##..............###.#
#.#.....##.....#.#......#
#.#####.###...##.##>#####
#.....>.# ##.###.##.# #########
#.# #..[.# #.# ###### #.#


You could see a slave.

Vanquished Creatures
  A slave (D:3)
  Jessica (D:2)
  A worm zombie (D:2)
  3 adders
  A scorpion zombie (D:2)
  2 worms (D:2)
  A giant gecko (D:1)
  An orc (D:3)
  A ball python (D:2)
  7 goblins
  4 hobgoblins
  7 kobolds
  4 bats
  5 giant cockroaches
  A giant gecko skeleton (D:2)
  A giant newt (D:2)
  A giant newt skeleton (D:2)
  A gnoll zombie (D:2)
  2 hobgoblin skeletons (D:2)
  A jackal skeleton (D:2)
  A kobold skeleton (D:2)
  An orc zombie (D:2)
  A quokka skeleton (D:2)
  6 rats
  2 rat skeletons (D:2)
57 creatures vanquished.

Notes
Turn   | Place    | Note
--------------------------------------------------------------
     0 | D:1      | Qrupt, the Draconian Transmuter, began the quest for the Orb.
     0 | D:1      | Reached XP level 1. HP: 16/16 MP: 3/3
   325 | D:1      | Reached XP level 2. HP: 15/23 MP: 5/5
  1035 | D:2      | Reached XP level 3. HP: 8/28 MP: 6/6
  1868 | D:2      | Noticed Jessica
  1891 | D:2      | Killed Jessica
  2057 | D:2      | Reached XP level 4. HP: 17/35 MP: 7/9
  2289 | D:2      | Learned a level 3 spell: Spider Form
  2682 | D:3      | Reached skill level 1 in Poison Magic
  3635 | D:4      | Noticed Pikel
  3635 | D:4      | Noticed a slave
  3635 | D:4      | Noticed a slave
  3635 | D:4      | Noticed a slave
  3635 | D:4      | Noticed a slave
  3647 | D:3      | Killed a slave
  3657 | D:3      | Slain by a slave

Action                   |  1- 3 |  4- 6 || total
-------------------------+-------+-------++-------
Melee: Unarmed           |   180 |   110 ||   290
 Cast: Beastly Appendage |     7 |     3 ||    10
       Spider Form       |       |     2 ||     2
  Use: Potion            |     2 |       ||     2
  Eat: Bread ration      |     1 |     1 ||     2
       Chunk             |       |     2 ||     2
